 Dungeon Crawl Stone Soup version 0.28.0 (webtiles) character file.

Game seed: 10155304269121694875

73 lonewolfV2 the Chopper (level 4, -1/40 HPs)
             Began as a Hill Orc Fighter on Feb 15, 2022.
             Slain by an orc wizard (2 damage)
             ... on level 3 of the Dungeon.
             The game lasted 00:03:16 (2036 turns).

lonewolfV2 the Chopper (Hill Orc Fighter)           Turns: 2036, Time: 00:03:18

Health: -1/40      AC: 10    Str: 20    XL:     4   Next: 27%
Magic:  4/4        EV:  7    Int:  8    God:
Gold:   48         SH:  4    Dex: 10    Spells: 3/3 levels left

rFire   . . .      SeeInvis .   a - +1 war axe
rCold   . . .      Faith    .   c - +0 buckler
rNeg    . . .      Spirit   .   g - +1 chain mail {rPois}
rPois   +          Reflect  .   (no helmet)
rElec   .          Harm     .   (no cloak)
rCorr   .          Rampage  .   (no gloves)
Will    .....                   (no boots)
Stlth   ..........              (no amulet)
HPRegen 0.13/turn               (no ring)
MPRegen 0.09/turn               (no ring)

@: mighty
A: no striking features
a: no special abilities


You were on level 3 of the Dungeon.
You visited 1 branch of the dungeon, and saw 3 of its levels.

You collected 48 gold pieces.

Inventory:

Hand Weapons
 a - a +1 war axe (weapon)
Armour
 b - a +0 scale mail
 c - a +0 buckler (worn)
 g - a +1 chain mail of poison resistance (worn)
Scrolls
 h - 2 scrolls of teleportation
Potions
 f - 2 potions of lignification
 i - a potion of attraction
 j - a potion of mutation


   Skills:
 + Level 4.0 Fighting
 + Level 4.4 Axes
 + Level 3.8 Armour
 + Level 0.1 Dodging
 + Level 3.6 Shields


You had 3 spell levels left.
You didn't know any spells.
Your spell library contained the following spells:

 Spells                   Type           Power      Damage    Failure   Level
 Sandblast                Erth           0%         2d4       99%         1
 Summon Small Mammal      Summ           0%         N/A       99%         1
 Passwall                 Tmut/Erth      0%         N/A       100%        2
 Call Canine Familiar     Summ           0%         N/A       100%        3
 Frozen Ramparts          Ice            0%         1d2       100%        3
 Gell's Gravitas          Tloc           0%         N/A       100%        3
 Lesser Beckoning         Tloc           0%         N/A       100%        3
 Stone Arrow              Conj/Erth      0%         3d7       100%        3
 Summon Guardian Golem    Hex/Summ       0%         N/A       100%        3
 Teleport Other           Tloc           0%         N/A       100%        3
 Ice Form                 Ice/Tmut       0%         N/A       100%        4
 Summon Ice Beast         Ice/Summ       0%         N/A       100%        4


Dungeon Overview and Level Annotations

Branches:
Dungeon (3/15)

Altars:


Message History

You resist with some effort. The orc hits you with a +0 hand axe.
* * * LOW HITPOINT WARNING * * *
The orc wizard closely misses you.
You feel very mighty all of a sudden.
You feel sick. The orc hits you but does no damage. The orc closely misses you.
The orc wizard mumbles some strange words.
The orc wizard flickers and vanishes!
Deactivating autopickup; reactivate with Ctrl-A.
You barely miss something. You slash the orc!
You kill the orc!
You slash the orc!
You kill the orc!
You feel sick. Something hits you but does no damage.
You barely miss something.
You feel sick.
You are no longer poisoned.
Something hits you but does no damage.
You miss something.
You hear some strange, mumbled words.
You are confused.
You hear some strange, mumbled words.
Something tries to affect you, but you resist.
Something hits you.
* * * LOW HITPOINT WARNING * * *
You slash the dart slug!
The dart slug is severely wounded.
You closely miss something. Something hits you but does no damage.
The dart slug bites you.
* * * LOW HITPOINT WARNING * * *
You closely miss something. You barely miss the dart slug. Something hits you.
* * * LOW HITPOINT WARNING * * *
The dart slug barely misses you.
You bump into the rock wall.
Something hits you but does no damage.
The dart slug bites you but does no damage.
You slash something! You slash the dart slug!
You kill the dart slug!
You feel less confused. Something hits you.
* * * LOW HITPOINT WARNING * * *
Something hits you.
You die...

...........##.#.#.#.#
.#.#.##...........#.#####..
.....# .##.##.#............
...####. #.##.##..#.######.
#### # #........#.# #
#........#.# # #.....)).#.#
# ##....{|##.# #
..>...)@##.# # ###..##.##.#
. #.. #.##.# # #... ..# ##.
###


There were no monsters in sight!

Vanquished Creatures
  2 adders (D:3)
  2 dart slugs
  4 orcs
  3 endoplasms
  4 goblins
  4 hobgoblins
  4 kobolds
  2 quokkas
  7 ball pythons
  8 bats
  2 frilled lizards (D:1)
  8 rats
50 creatures vanquished.

Notes
Turn   | Place    | Note
-------+----------+-------------------------------------------
     0 | D:1      | lonewolfV2 the Hill Orc Fighter began the quest for the
                  | Orb.
     0 | D:1      | Reached XP level 1. HP: 19/19 MP: 1/1
   177 | D:1      | Reached XP level 2. HP: 13/27 MP: 2/2
   874 | D:1      | Reached XP level 3. HP: 29/33 MP: 3/3
  1965 | D:3      | Reached XP level 4. HP: 38/40 MP: 4/4
  2036 | D:3      | HP: 1/40 [something (3)]
  2036 | D:3      | Slain by an orc wizard

Illustrated notes

Levels and vault maps discovered:
D:1:      lemuel_arrival_rhombus, layout_basic
D:2:      layout_loops_cross, roderic_serpentine_path, minmay_misc_feat_hallway,
          minmay_statues_item, nicolae_figureground_pulse
D:3:      layout_loops_ring, zin_statuary, hellmonk_ecumenical_altar_crossroads

Skill      XL: |  1  2  3 |
---------------+----------+-----
Axes           | 3 4 |  4.4
Fighting       | 4 |  4.0
Armour         | |  3.8
Dodging        | |  0.1
Shields        | |  3.6

Action                   |  1- 3 |  4- 6 || total
-------------------------+-------+-------++-------
Melee: War axe           |   102 |    23 ||   125
  Use: Scroll            |     6 |       ||     6
       Potion            |       |     1 ||     1
Armor: Chain mail        |    73 |    25 ||    98
       Scale mail        |     1 |       ||     1
Dodge: Dodged            |    59 |    23 ||    82
Block: Buckler           |    29 |     7 ||    36
